 Dungeon Crawl Stone Soup version 0.18.1-2-ga659475 (webtiles) character file.

70338 Gingerlord the Protected (level 14, -1/130 HPs)
             Began as a Minotaur Fighter on May 9, 2016.
             Was the Champion of Okawaru.
             Shot with an arrow by Nessos (6 damage)
             ... on level 2 of the Orcish Mines.
             The game lasted 00:49:51 (20835 turns).

Gingerlord the Protected (Minotaur Fighter)        Turns: 20835, Time: 00:49:54

Health: -1/130     AC: 25    Str: 25    XL:     14   Next: 93%
Magic:  30/30      EV: 12    Int:  5    God:    Okawaru [******]
Gold:   1736       SH: 21    Dex: 18    Spells: 0 memorised, 13 levels left

rFire  . . .     SeeInvis .     v - +5 broad axe of Sharkskin {chop, Str+3}
rCold  + . .     Gourm    .     P - +5 chain mail of the Thistle {Regen+ MP+9}
rNeg   . . .     Faith    .     O - +0 large shield of Listlessness {Dex+4}
rPois  .         Spirit   .     U - +1 hat {MR+}
rElec  .         Dismiss  +     W - +0 cloak
rCorr  .         Reflect  .     G - +0 pair of gloves
SustAt .         Harm     .     V - +1 pair of boots {run}
MR     ++...                    Q - amulet of dismissal
Stlth  ..........               K - ring of protection from cold
                                L - ring of stealth

@: studying Armour, quick, very resistant to hostile enchantments, extremely
unstealthy
A: retaliatory headbutt, horns 2
a: Heroism, Finesse, Renounce Religion


You were on level 2 of the Orcish Mines.
You worshipped Okawaru.
Okawaru was exalted by your worship.
You were not hungry.

You visited 4 branches of the dungeon, and saw 22 of its levels.
You also visited: Ice Cave and Volcano.

You collected 2149 gold pieces.
You spent 413 gold pieces at shops.

Inventory:

Hand Weapons
 v - the +5 broad axe of Sharkskin (weapon) {chop, Str+3}
   (Okawaru gifted it to you on level 8 of the Lair of Beasts)

   It inflicts extra damage upon your enemies.
   It affects your strength (+3).
 R - a +1 scimitar of flaming
Armour
 g - a +3 chain mail of poison resistance
 G - a +0 pair of gloves (worn)
 O - the +0 large shield of Listlessness (worn) {Dex+4}
   (Okawaru gifted it to you on level 6 of the Lair of Beasts)

   It affects your dexterity (+4).
 P - the +5 chain mail of the Thistle (worn) {Regen+ MP+9}
   (You found it on level 3 of the Lair of Beasts)

   It affects your magic capacity (+9).
   It increases your rate of regeneration.
 U - a +1 hat of magic resistance (worn)
 V - a +1 pair of boots of running (worn)
 W - a +0 cloak (worn)
Rods
 F - a -1 iron rod (14/14)
   (You found it on level 7 of the Dungeon)
Jewellery
 K - a ring of protection from cold (right hand)
 L - a ring of stealth (left hand)
 Q - an amulet of dismissal (around neck)
Wands
 a - a wand of disintegration (2/24)
 Z - a wand of digging (17/24)
Scrolls
 b - 8 scrolls of teleportation
 e - 7 scrolls of recharging
 h - 4 scrolls of enchant armour
 i - 7 scrolls of blinking
 k - 3 scrolls of amnesia
 l - 4 scrolls of remove curse
 p - 3 scrolls of identify
 x - 3 scrolls of noise {unknown}
 y - 2 scrolls of magic mapping
 A - 3 scrolls of enchant weapon {unknown}
 C - 3 scrolls of fear {unknown}
 H - 4 scrolls of fog {unknown}
 I - 2 scrolls of random uselessness {unknown}
Potions
 c - a potion of magic
 j - 8 potions of curing
 m - 3 potions of haste
 n - 2 potions of brilliance
 q - 3 potions of lignification
 s - 3 potions of ambrosia
 t - 2 potions of flight
 w - 6 potions of heal wounds
 z - 5 potions of cure mutation
 B - 8 potions of might
 D - 2 potions of agility
 E - a potion of mutation
 S - 4 potions of berserk rage
Books
 J - a book of Envenomations

   Spells                             Type                      Level
   a - Spider Form                    Transmutation/Poison         3
   b - Olgreb's Toxic Radiance        Poison                       4
   c - Alistair's Intoxication        Transmutation/Poison         5
   d - Poisonous Cloud                Conjuration/Poison/Air       6
 M - a manual of Armour
Comestibles
 d - 5 slices of pizza
 f - 8 bread rations
 o - 8 beef jerkies
 r - 31 fruits
 u - 11 meat rations


   Skills:
 + Level 13.9 Fighting
 + Level 14.0 Axes
 + Level 14.3 Armour
 - Level 8.2 Dodging
 + Level 14.1 Shields
 * Level 10.9 Invocations


You had 13 spell levels left.
You didn't know any spells.

Dungeon Overview and Level Annotations

Branches:
Dungeon (11/15)            Temple (1/1) D:7            Lair (8/8) D:10
 Shoals (0/4) Lair:6        Snake (0/4) Lair:5        Slime (0/6) Lair:7
    Orc (2/2) D:11
    Elf: Orc:2

Altars:
Ashenzari
Cheibriados
Dithmenos
Elyvilon
Fedhas
Gozag
Kikubaaqudgha
Makhleb
Nemelex Xobeh
Okawaru
Pakellas
Qazlal
Ru
Sif Muna
Trog
Vehumet
Xom
Yredelemnul
Zin
The Shining One
Jiyva

Shops:
D:6 !   D:7 *   D:10 *

Portals:
Trove: D:11 (show abyssal rune of Zot)

Annotations:
Lair:6 1 exclusion
Lair:7 1 runed door
Orc:2 Nessos


Innate Abilities, Weirdness & Mutations

You reflexively headbutt those who attack you in melee.
You have a pair of horns on your head.


Message History

You feel sick.
Nessos stands on his hind legs for a moment.
Nessos shoots an arrow.
The arrow hits you!
* * * LOW HITPOINT WARNING * * *
The arrow burns you.
You are more poisoned.
* * * LOW HITPOINT WARNING * * *
The orc priest calls down the wrath of Beogh upon you.
Beogh smites you!
* * * LOW HITPOINT WARNING * * *
You block the ogre's attack.
Drink which item? (? for menu, Esc to quit)
You feel better.
Nessos intently looks at you, slowly moving his tail.
Nessos shoots an arrow.
The arrow hits you!
* * * LOW HITPOINT WARNING * * *
The arrow burns you!
* * * LOW HITPOINT WARNING * * *
Nessos shoots an arrow.
The arrow hits you.
You die...

### ##### ##.## #... ##
#..$## ##.## #.##....##
...)### ###..$....## .
...)..####..........#...
..#)<...#......())......
.<##....##....h.@O...o..
..##............))......
######........#....c...#
#........######.....
#..........# .....
#..........# $...
#..........# ...
#...#......... ...
.....#.##.......


You could see Nessos, a warg, an ogre and an orc priest.

Vanquished Creatures
  Josephine (Lair:6)
  Erolcha (D:11)
  6 hydras
  3 catoblepae (Lair:8)
  Erica (D:8)
  A queen ant (Lair:3)
  8 death yaks
  The ghost of Wesley the Blocker, a novice FoFi of Xom (D:8)
  4 hill giants
  2 orc knights
  A griffon (Lair:7)
  2 orc sorcerers
  A manticore (Volcano)
  14 elephants
  4 black mambas
  7 spiny frogs
  A torpor snail (Lair:6)
  An ice statue (IceCv)
  2 gargoyles
  Maurice (Orc:1)
  A molten gargoyle (Volcano)
  A rime drake (Lair:7)
  8 komodo dragons
  20 polar bears
  2 trolls (Orc:1)
  A two-headed ogre (Orc:1)
  Grinder (D:5)
  33 blink frogs
  2 boulder beetles
  Sigmund (D:2)
  A spriggan (Lair:4)
  4 wraiths (Lair:6)
  56 yaks
  8 fire bats
  6 basilisks
  A steam dragon (Lair:3)
  4 hippogriffs
  4 soldier ants (Lair:3)
  A mottled dragon (Volcano)
  14 water moccasins
  7 ice beasts
  10 porcupines
  10 orc warriors
  3 sky beasts
  An eye of draining (D:8)
  2 black bears
  5 ogres
  3 phantoms
  37 wolves
  10 centaurs
  11 crocodiles
  4 big kobolds
  20 giant frogs
  A water moccasin skeleton (D:5)
  4 scorpions
  24 killer bees
  7 wights
  5 crimson imps
  5 lava snakes
  5 hounds
  4 jellies
  12 orc priests
  Crazy Yiuf (D:3)
  A centaur skeleton (D:9)
  A giant frog skeleton (D:10)
  2 iguanas
  Terence (D:2)
  Natasha (thrice) (D:2)
  13 orc wizards
  31 worker ants
  A killer bee zombie (D:5)
  12 sheep
  A hound zombie (D:6)
  2 worker ant zombies
  A howler monkey zombie (D:5)
  4 gnolls (D:8)
  A howler monkey skeleton (D:5)
  14 adders
  48 river rats
  A shadow imp (D:6)
  3 oozes (D:2)
  An adder zombie (D:8)
  3 worms
  3 dart slugs
  11 giant geckos
  69 orcs
  5 bats
  6 giant cockroaches
  11 hobgoblins
  17 jackals
  6 quokkas
  A ball python (D:2)
  2 giant newts
  12 goblins
  10 kobolds
  A quokka skeleton (D:4)
  A quokka zombie (D:7)
  9 rats
  3 fungi
  A plant (Lair:8)
734 creatures vanquished.

Vanquished Creatures (others)
  A wizard (D:4)
  A komodo dragon (Lair:3)
  2 wolves (IceCv)
  A bush (Lair:6)
  7 fungi
  6 plants
18 creatures vanquished.

Grand Total: 752 creatures vanquished

Notes
Turn   | Place    | Note
--------------------------------------------------------------
     0 | D:1      | Gingerlord the Minotaur Fighter began the quest for the Orb.
     0 | D:1      | Reached XP level 1. HP: 19/19 MP: 0/0
   164 | D:1      | Reached XP level 2. HP: 25/27 MP: 1/1
   858 | D:2      | Found a faded altar to an unknown god.
   876 | D:2      | Reached XP level 3. HP: 33/33 MP: 2/2
   960 | D:2      | Noticed Natasha
   969 | D:2      | Killed Natasha
  1000 | D:2      | Reached XP level 4. HP: 27/40 MP: 3/3
  1095 | D:2      | Noticed Terence
  1101 | D:2      | Killed Terence
  1118 | D:2      | Noticed Sigmund
  1140 | D:2      | Killed Sigmund
  1140 | D:2      | Reached skill level 5 in Fighting
  1140 | D:2      | Reached skill level 5 in Armour
  1140 | D:2      | Reached skill level 5 in Shields
  1140 | D:2      | Reached XP level 5. HP: 26/48 MP: 4/4
  1140 | D:2      | Reached XP level 6. HP: 30/56 MP: 5/5
  1306 | D:2      | Noticed Natasha
  1316 | D:2      | Killed Natasha
  1423 | D:2      | Noticed Natasha
  1426 | D:2      | Killed Natasha
  1738 | D:3      | Found a shadowy altar of Dithmenos.
  2080 | D:3      | Found a burning altar of Makhleb.
  2083 | D:3      | Found a glowing silver altar of Zin.
  2083 | D:3      | Noticed a green death
  2083 | D:3      | Noticed an angel
  2337 | D:3      | Noticed Crazy Yiuf
  2342 | D:3      | Killed Crazy Yiuf
  2588 | D:4      | Reached skill level 5 in Axes
  2588 | D:4      | Reached XP level 7. HP: 62/62 MP: 6/6
  2888 | D:4      | Found a bloodstained altar of Trog.
  2891 | D:4      | Noticed a wizard
  2896 | D:4      | Killed a wizard
  3007 | D:5      | Entered Level 5 of the Dungeon
  3334 | D:5      | Noticed Grinder
  3346 | D:5      | Killed Grinder
  3346 | D:5      | Reached XP level 8. HP: 72/73 MP: 7/7
  3577 | D:6      | Found a deep blue altar of Sif Muna.
  4272 | D:6      | Reached XP level 9. HP: 45/81 MP: 8/8
  4421 | D:6      | Found Posa's Distillery.
  4454 | D:6      | Bought a potion of might for 56 gold pieces
  4454 | D:6      | Bought 3 potions of might for 168 gold pieces
  4454 | D:6      | Bought a potion of agility for 56 gold pieces
  4454 | D:6      | Bought a potion of might for 56 gold pieces
  4753 | D:7      | Found Cidghoho's Assorted Antiques.
  4952 | D:7      | Got a crude morningstar
  4953 | D:7      | Identified the +3 morningstar of Ascent {holy, -Tele rN+ MR+ Str+2} (You found it on level 7 of the Dungeon)
  5009 | D:7      | Found a staircase to the Ecumenical Temple.
  5029 | Temple   | Entered the Ecumenical Temple
  5473 | D:7      | Noticed a gargoyle
  5485 | D:7      | Killed a gargoyle
  5792 | D:8      | Noticed a hill giant
  6093 | D:8      | Noticed Wesley's ghost (novice FoFi)
  6133 | D:8      | Noticed Erica
  6143 | D:8      | Killed Erica
  6143 | D:8      | Reached XP level 10. HP: 76/91 MP: 9/9
  6179 | D:8      | Killed Wesley's ghost
  6475 | D:8      | Reached skill level 10 in Fighting
  6488 | D:8      | Killed a hill giant
  6488 | D:8      | Reached skill level 10 in Shields
  6721 | D:8      | Noticed a two-headed hydra
  6755 | D:7      | Reached skill level 1 in Dodging
  7016 | D:8      | Reached skill level 10 in Armour
  7173 | D:8      | Reached skill level 10 in Axes
  7385 | D:8      | Found an ancient bone altar of Kikubaaqudgha.
  7385 | D:8      | Found a deep blue altar of Sif Muna.
  7512 | D:9      | Found a sparkling altar of Nemelex Xobeh.
  7518 | D:9      | Found an iron altar of Okawaru.
  7530 | D:9      | Became a worshipper of Warmaster Okawaru
  7786 | D:9      | Found an opulent altar of Gozag.
  8114 | D:10     | Entered Level 10 of the Dungeon
  8185 | D:10     | Found Tageqoosm's General Store.
  8224 | D:10     | Reached * piety under Okawaru
  8234 | D:10     | Bought a scroll of magic mapping for 49 gold pieces
  8234 | D:10     | Bought a scroll of identify for 28 gold pieces
  8256 | D:10     | Reached XP level 11. HP: 98/101 MP: 10/10
  8263 | D:10     | Found a staircase to the Lair.
  8557 | Lair:1   | Entered Level 1 of the Lair of Beasts
  8849 | Lair:1   | Reached skill level 5 in Dodging
  9368 | Lair:1   | Reached ** piety under Okawaru
  9745 | Lair:2   | Noticed a five-headed hydra
  9806 | Lair:2   | Found a dark tunnel.
  9811 | Volcano  | Entered a volcano
 10218 | Volcano  | Found a bloodstained altar of Trog.
 10448 | Volcano  | Reached *** piety under Okawaru
 10729 | Lair:2   | Noticed a seven-headed hydra
 10736 | Lair:2   | Killed a five-headed hydra
 11171 | Lair:2   | Reached **** piety under Okawaru
 11462 | Lair:2   | Killed a one-headed hydra
 11462 | Lair:2   | Reached XP level 12. HP: 103/110 MP: 11/11
 11690 | Lair:2   | Reached ***** piety under Okawaru
 12160 | Lair:3   | Received a gift from Okawaru
 12164 | Lair:3   | Reached skill level 1 in Invocations
 12337 | Lair:3   | Noticed a queen ant
 12349 | Lair:3   | Killed a queen ant
 12403 | Lair:3   | Got a spiked chain mail
 12414 | Lair:3   | Identified the +5 chain mail of the Thistle {Regen+ MP+9} (You found it on level 3 of the Lair of Beasts)
 12634 | Lair:3   | Received a gift from Okawaru
 12646 | Lair:3   | Identified a +1 pair of boots of running (Okawaru gifted it to you on level 3 of the Lair of Beasts)
 12996 | Lair:3   | You fall through a shaft for 2 floors!
 13322 | Lair:4   | Reached skill level 5 in Invocations
 14173 | Lair:4   | Noticed a five-headed hydra
 14180 | Lair:4   | Killed a one-headed hydra
 14180 | Lair:4   | Reached XP level 13. HP: 99/119 MP: 16/16
 14517 | Lair:5   | Reached ****** piety under Okawaru
 14928 | Lair:5   | Found a staircase to the Snake Pit.
 15636 | Lair:6   | Received a gift from Okawaru
 15647 | Lair:6   | Got a fine large shield {god gift}
 15658 | Lair:6   | Identified the +0 large shield of Listlessness {Dex+4} (Okawaru gifted it to you on level 6 of the Lair of Beasts)
 15755 | Lair:6   | Found a staircase to the Shoals.
 15808 | Lair:6   | Noticed Josephine
 15847 | Lair:6   | Killed Josephine
 16604 | Lair:7   | Found a runed door.
 16604 | Lair:7   | Found a viscous altar of Jiyva.
 16681 | Lair:7   | Found a staircase to the Slime Pits.
 16765 | Lair:7   | Found a frozen archway.
 16779 | IceCv    | Entered an ice cave
 16940 | IceCv    | Received a gift from Okawaru
 17046 | IceCv    | Reached XP level 14. HP: 129/129 MP: 19/19
 17258 | IceCv    | Noticed a frost giant
 17882 | Lair:8   | Entered Level 8 of the Lair of Beasts
 18509 | Lair:8   | Received a gift from Okawaru
 18516 | Lair:8   | Got a crude broad axe {god gift}
 18517 | Lair:8   | Identified the +5 broad axe of Sharkskin {chop, Str+3} (Okawaru gifted it to you on level 8 of the Lair of Beasts)
 18581 | Lair:8   | Reached skill level 10 in Invocations
 19288 | D:11     | Noticed Erolcha
 19293 | D:11     | Killed Erolcha
 19687 | D:11     | Received a gift from Okawaru
 19855 | D:11     | Found a portal to a secret trove of treasure.
 20040 | D:11     | Found a staircase to the Orcish Mines.
 20515 | Orc:1    | Entered Level 1 of the Orcish Mines
 20518 | Orc:1    | Noticed Maurice
 20596 | Orc:1    | Killed Maurice
 20793 | Orc:2    | Entered Level 2 of the Orcish Mines
 20822 | Orc:2    | Noticed Nessos
 20832 | Orc:2    | Received a gift from Okawaru
 20835 | Orc:2    | HP: 5/130 [Nessos/arrow (8)]
 20835 | Orc:2    | Shot with an arrow by Nessos

Skill      XL: |  1  2  3  4  5  6  7  8  9 10 11 12 13 14 |
---------------+-------------------------------------------+-----
Fighting       | 4 5 7 8 9 10 11 12 13 | 13.9
Shields        | 4 5 6 7 9 10 11 12 13 14 | 14.1
Armour         | 4 5 6 7 9 10 11 12 13 14 | 14.3
Axes           | 3 4 5 6 7 9 10 11 12 13 14 | 14.0
Dodging        | 4 7 8 |  8.2
Invocations    | 6 8 10 | 10.9

Action                   |  1- 3 |  4- 6 |  7- 9 | 10-12 | 13-15 || total
-------------------------+-------+-------+-------+-------+-------++-------
Melee: War axe           |    77 |   164 |   325 |   951 |   811 ||  2328
       Headbutt          |     9 |    24 |    62 |   233 |   346 ||   674
       Scimitar          |       |       |       |    22 |    31 ||    53
       Broad axe         |       |       |       |       |   265 ||   265
Invok: Heroism           |       |       |       |     1 |     2 ||     3
       Finesse           |       |       |       |       |     1 ||     1
  Use: Potion            |       |     1 |     1 |     2 |     1 ||     5
       Scroll            |       |       |    11 |     5 |     5 ||    21
  Eat: Chunk             |       |     6 |     6 |    14 |    19 ||    45
       Fruit             |       |       |     1 |       |       ||     1
       Bread ration      |       |       |     1 |     1 |       ||     2
       Beef jerky        |       |       |       |     2 |       ||     2
       Pizza             |       |       |       |     2 |       ||     2
       Royal jelly       |       |       |       |     2 |     1 ||     3
Armor: Scale mail        |    10 |       |       |       |       ||    10
       Chain mail        |    38 |    81 |   182 |   438 |   510 ||  1249
Dodge: Dodged            |    16 |    45 |    90 |   366 |   366 ||   883
Block: Shield            |    27 |    86 |   211 |   661 |   127 ||  1112
       Large shield      |       |       |       |       |  1033 ||  1033
